Description

This build Order safe and anti stim all-in. It is designed to counter bio playstyle. The fast colossus is here to stop them (when you scout a fast 2rax build order) and with the fast warp prism, you can play Colossus drop without any problem (really strong if there is no viking to counter them).

In this replay, I scout the fast techlab which give me the informations of a heavy bio playstyle. Fast colossus is the best answer to counter every kind of all-in based on fast stim.

VOD

https://youtu.be/BwLJlaBCWL0

Replay - Lovecrit v zuka - Domaine des dormeurs EC

Build Order

Get SALT Encoding   

  12  0:00  Probe  
  13  0:13  Probe  
  14  0:17  Pylon  
  14  0:22  Probe  
  15  0:31  Probe  
  16  0:38  Gateway  
  16  0:41  Probe  
  16  0:47  Assimilator  
  17  0:53  Probe  
  18  1:02  Probe  
  18  1:10  Probe  
  20  1:25  Nexus  
  20  1:35  Cybernetics Core  
  20  1:38  Probe  
  21  1:45  Assimilator  
  21  1:51  Probe  
  22  1:55  Pylon  
  22  2:03  Stalker  
  23  2:13  Warp Gate  
  26  2:27  Robotics Facility  
  28  2:45  Pylon  
  31  2:59  Stalker  
  34  3:06  Shield Battery  
  34  3:14  Robotics Bay  
  34  3:16  Observer  
  39  3:34  Warp Prism  
  40  3:43  Gateway  
  44  3:56  Pylon  
  44  3:59  Colossus  
  44  4:11  Zealot  
  44  4:16  Shield Battery  
  52  4:17  Pylon  
  52  4:24  Shield Battery  
  52  4:33  Stalker  
  56  4:49  Assimilator x2  
  50  5:08  Stalker  
Spawning Tool Build Advisor. Get it on Overwolf

Go to:

Details

  • Created by: zuka      
  • Published on: Sep 07, 2019
  • Patch: 4.7.1
Show
View Real Time Build Order
Export as new Build Order

Comments (0)

There are no comments. Be the first!

Create an account to comment!